 Dungeon Crawl Stone Soup version 0.30-b1-2-g02819fbbbe (webtiles) character file.

Game seed: 2146967922541655916

343 DAZBEAN the Covered (level 6, 0/79 HPs)
             Began as a Minotaur Fighter on Aug 3, 2023.
             Slain by Boubouet's ghost (3 damage)
             ... on level 3 of the Dungeon.
             The game lasted 00:41:32 (3545 turns).

DAZBEAN the Covered (Minotaur Fighter)              Turns: 3545, Time: 00:41:33

Health: 0/79       AC:  9    Str: 22    XL:     6   Next: 31%
Magic:  5/5        EV: 10    Int:  5    God:
Gold:   183        SH:  5    Dex: 16    Spells: 5/5 levels left

rFire   . . .        r - +2 dagger (venom)
rCold   . . .        c - +0 buckler
rNeg    . . .        b - +0 scale mail
rPois   .            j - +1 hat
rElec   .            (no cloak)
rCorr   .            k - +0 pair of gloves
SInv    .            (no boots)
Will    +....        o - amulet of magic regeneration Stlth
                     B - +6 ring of dexterity
HPRegen 0.33/turn    Q - ring of willpower
MPRegen 0.49/turn

%: no passive effects
@: brilliant, berserking, silenced, hasted, very quick
A: horns 2, retaliatory headbutt
a: no special abilities


You were on level 3 of the Dungeon.
You visited 1 branch of the dungeon, and saw 3 of its levels.

You collected 183 gold pieces.

Inventory:

Hand Weapons
 a - a +0 war axe
 g - a +0 whip of pain
 l - a +0 long sword
 r - a +2 dagger of venom (weapon)
 s - a +0 hand axe
 t - a +0 mace
 v - a +1 dagger of speed
 z - a +0 short sword
 E - a +0 spear
 F - a +0 long sword
 I - a +0 short sword
 S - a +0 hand axe
Missiles
 V - 4 poisoned darts (quivered)
Armour
 b - a +0 scale mail (worn)
 c - a +0 buckler (worn)
 i - a +0 robe
 j - a +1 hat (worn)
 k - a +0 pair of gloves (worn)
 n - a +0 helmet
 H - a +0 plate armour
 N - a +0 plate armour
Jewellery
 o - an amulet of magic regeneration (around neck)
 B - a +6 ring of dexterity (left hand)
 Q - a ring of willpower (right hand)
Wands
 h - a wand of charming (2)
Scrolls
 p - 2 scrolls of fog
 y - a scroll of teleportation
 R - a scroll of enchant armour {unknown}
Potions
 d - a potion of attraction {unknown}
 f - a potion of haste
 D - a potion of cancellation {unknown}
 M - 2 potions of curing {unknown}


   Skills:
 + Level 4.5 Fighting
 + Level 1.5 Short Blades
 + Level 4.2 Axes
 + Level 5.2 Armour
 + Level 2.2 Dodging
 + Level 0.5 Stealth
 + Level 4.9 Shields
 + Level 0.2 Evocations


You had 5 spell levels left.
You didn't know any spells.
Your spell library contained the following spells:

 Spells                   Type           Power      Damage    Failure   Level
 Sublimation of Blood     Necr           0%         N/A       94%         2
 Portal Projectile        Hex/Tloc       0%         N/A       99%         3
 Tukima's Dance           Hex            0%         N/A       99%         3
 Petrify                  Tmut/Erth      0%         N/A       100%        4
 Blade Hands              Tmut           0%         N/A       100%        5
 Irradiate                Conj/Tmut      0%         3d11      100%        5


Dungeon Overview and Level Annotations

Branches:
Dungeon (3/15)

Altars:

Annotations:
D:3 Boubouet's ghost, amateur DrCK


Innate Abilities, Weirdness & Mutations

You have a pair of horns on your head.
You reflexively headbutt those who attack you in melee.


Message History

You feel clever all of a sudden.
Boubouet's ghost hits you but does no damage.
MiniNoises's ghost hits you but does no damage.
Diceflayer's ghost hits you.
* * * LOW HITPOINT WARNING * * *
It was a potion of berserk rage.
A red film seems to cover your vision as you go berserk!
You feel yourself moving faster!
You feel mighty!
Boubouet's ghost hits you but does no damage.
MiniNoises's ghost hits you.
* * * LOW HITPOINT WARNING * * *
Diceflayer's ghost hits you.
* * * LOW HITPOINT WARNING * * *
You completely miss MiniNoises's ghost. You headbutt MiniNoises's ghost!
You destroy MiniNoises's ghost!
Your Short Blades skill increases to level 1!
Your Dodging skill increases to level 2!
You puncture diceflayer's ghost!
Your headbutt misses diceflayer's ghost.
Diceflayer's ghost is moderately damaged.
Boubouet's ghost misses you.
Diceflayer's ghost hits you but does no damage.
You hit diceflayer's ghost. You headbutt diceflayer's ghost!
Diceflayer's ghost is severely damaged.
Boubouet's ghost hits you.
* * * LOW HITPOINT WARNING * * *
Diceflayer's ghost hits you.
* * * LOW HITPOINT WARNING * * *
You hit diceflayer's ghost but do no damage.
Diceflayer's ghost is severely damaged.
You puncture diceflayer's ghost!
You destroy diceflayer's ghost!
Boubouet's ghost hits you!
* * * LOW HITPOINT WARNING * * *
Your Armour skill increases to level 5!
You have reached level 6!
You puncture Boubouet's ghost!
Boubouet's ghost is heavily damaged.
Boubouet's ghost hits you.
You die...

##..#....##.$8}###.........#.....
....#...##8....#..####..<.##.##..
##.##..##$.....#..####.......##..
........#P.....'........#.#####..
.#.######⌠.....'...###.##.#......
.......# P.....'..## #....#.###..
.......# !.$...#..# ######.# #..
.......# #8....#..# #.# #..
######## ##$?8(#@W# #.###.. #
#######..# #...#.. #
#........####### #.###.. #
#............... #.#.... #
###############. #.#.### #...#
#####


You could see Boubouet's ghost.

Vanquished Creatures
  The ghost of diceflayer the Shooter, an amateur DsHu (D:3)
  The ghost of MiniNoises the Vexing, an amateur FoHs (D:3)
  The ghost of Ramwell the Caller, a weakling FeSu (D:3)
  Jessica (D:2)
  Ijyb (D:3)
  4 adders
  4 dart slugs
  2 orcs (D:3)
  3 ball pythons
  2 bats
  2 endoplasms
  2 giant cockroaches
  12 goblins
  6 hobgoblins
  3 jackals (D:3)
  9 kobolds
  A quokka (D:3)
  2 frilled lizards
  2 rats
  A bush (D:1)
60 creatures vanquished.

Vanquished Creatures (collateral kills)
  A goblin (D:3)
1 creature vanquished.

Vanquished Creatures (others)
  2 plants (D:1)
2 creatures vanquished.

Grand Total: 63 creatures vanquished

Notes
Turn   | Place    | Note
-------+----------+-------------------------------------------
     0 | D:1      | DAZBEAN the Minotaur Fighter began the quest for the Orb.
     0 | D:1      | Reached XP level 1. HP: 19/19 MP: 0/0
   208 | D:1      | Found a faded altar of an unknown god.
   553 | D:1      | Reached XP level 2. HP: 27/27 MP: 1/1
  1145 | D:2      | Reached skill level 4 in Armour
  1154 | D:2      | Reached XP level 3. HP: 32/33 MP: 2/2
  1614 | D:2      | Noticed Jessica
  1627 | D:2      | Killed Jessica
  1628 | D:2      | Reached XP level 4. HP: 34/40 MP: 3/3
  3117 | D:3      | Noticed Ijyb
  3134 | D:3      | Killed Ijyb
  3135 | D:3      | Reached XP level 5. HP: 31/47 MP: 4/4
  3374 | D:3      | Found a runed translucent gate.
  3374 | D:3      | Found a runed translucent gate.
  3374 | D:3      | Found a runed translucent gate.
  3477 | D:3      | Noticed Ramwell's ghost (weakling FeSu)
  3477 | D:3      | Noticed Boubouet's ghost (amateur DrCK)
  3477 | D:3      | Noticed diceflayer's ghost (amateur DsHu)
  3477 | D:3      | Noticed MiniNoises's ghost (amateur FoHs)
  3530 | D:3      | Killed Ramwell's ghost
  3531 | D:3      | Reached skill level 1 in Dodging
  3540 | D:3      | Killed MiniNoises's ghost
  3541 | D:3      | Reached skill level 1 in Short Blades
  3544 | D:3      | Killed diceflayer's ghost
  3544 | D:3      | HP: 2/70 [Boubouet's ghost (7)]
  3545 | D:3      | Reached skill level 5 in Armour
  3545 | D:3      | Reached XP level 6. HP: 3/53 MP: 5/5
  3545 | D:3      | Slain by Boubouet's ghost

Illustrated notes

Levels and vault maps discovered:
D:1:      spicycebolla_arrival_clurvy, layout_basic,
          hellmonk_ecumenical_altar_lost_god
D:2:      layout_rooms, uniq_jessica
D:3:      kennysheep_goblin_castle, layout_basic, minitemple,
          gammafunk_ghost_cemetery, minmay_circle_x

Skill      XL: |  1  2  3  4  5 |
---------------+----------------+-----
Shields        | 4 |  4.9
Armour         | 4 5 |  5.2
Fighting       | 4 |  4.5
Axes           | 3 4 |  4.2
Dodging        | 2 |  2.2
Short Blades   | 1 |  1.5
Stealth        | |  0.5
Evocations     | |  0.2

Action                     |  1- 3 |  4- 6 || total
---------------------------+-------+-------++-------
  Melee: War axe           |    79 |       ||    79
         Headbutt          |    23 |    18 ||    41
         Dagger            |     5 |    71 ||    76
  Throw: Stone             |     8 |    11 ||    19
         Dart              |     8 |    29 ||    37
  Evoke: Wand              |       |     4 ||     4
    Use: Scroll            |     1 |     6 ||     7
         Potion            |     1 |     3 ||     4
 Armour: Scale mail        |    25 |    43 ||    68
  Dodge: Dodged            |    17 |    45 ||    62
  Block: Buckler           |    12 |    32 ||    44
